 Dungeon Crawl Stone Soup version 0.29-a0-1016-g236c7fd91e (webtiles) character file.

Game seed: 15093437626368444482

21 nickcage the Poker (level 2, 0/22 HPs)
             Began as a Merfolk Gladiator on Aug 9, 2022.
             Constricted to death by a ball python (1 damage)
             ... on level 2 of the Dungeon.
             The game lasted 00:01:16 (1197 turns).

nickcage the Poker (Merfolk Gladiator)              Turns: 1197, Time: 00:01:17

Health: 0/22       AC:  4    Str: 14    XL:     2   Next: 83%
Magic:  2/2        EV: 10    Int:  7    God:
Gold:   110        SH:  0    Dex: 15    Spells: 1/1 levels left

rFire   . . .      SeeInvis .   a - +0 trident
rCold   . . .      Faith    .   (no shield)
rNeg    . . .      Spirit   .   b - +0 leather armour
rPois   .          Reflect  .   c - +0 helmet
rElec   .          Harm     .   (no cloak)
rCorr   .          Rampage  .   (no gloves)
Will    .....                   (no boots)
Stlth   +.........              (no amulet)
HPRegen 0.07/turn               (no ring)
MPRegen 0.08/turn               (no ring)

@: constricted
A: (nimble swimmer 2), mertail
a: no special abilities


You were on level 2 of the Dungeon.
You visited 1 branch of the dungeon, and saw 2 of its levels.

You collected 110 gold pieces.

Inventory:

Hand Weapons
 a - a +0 trident (weapon)
Missiles
 d - 4 throwing nets
 e - a javelin (quivered)
Armour
 b - a +0 leather armour (worn)
 c - a +0 helmet (worn)
Scrolls
 f - a scroll of noise {unknown}
 g - 2 scrolls of teleportation {unknown}
 i - 2 scrolls of amnesia {unknown}
 j - a scroll of identify {unknown}
Potions
 h - 2 potions of invisibility {unknown}
 k - a potion of degeneration {unknown}


   Skills:
 - Level 2.1 Fighting
 + Level 5.3 Polearms
 - Level 2.0 Throwing
 - Level 4.0 Dodging


You had one spell level left.
You didn't know any spells.
Your spell library contained the following spells:

 Spells                   Type           Power      Damage    Failure   Level
 Necrotise                Necr           0%         1d4       52%         1
 Vampiric Draining        Necr           0%         2d6       87%         3
 Agony                    Necr           0%         N/A       100%        5


Dungeon Overview and Level Annotations

Branches:
Dungeon (2/15)

Altars:

Annotations:
D:2 Natasha


Innate Abilities, Weirdness & Mutations

((You are very nimble when in or above water. (Stealth+, EV+, Speed+++)))
Your lower body shifts to a powerful aquatic tail in water.


Message History

You see here a +0 leather armour.
A ball python comes into view.
The ball python hisses angrily.
Natasha, Servant of Life and Death comes into view.
Found 9 gold pieces.
Found a stone staircase leading down.
Natasha hisses angrily.
Found a fuming clear potion.
You hit the ball python.
The ball python is moderately wounded.
The ball python closely misses you. x2
You hit the ball python but do no damage.
The ball python is moderately wounded.
Natasha claws you! The ball python barely misses you. x2
You closely miss the ball python.
The ball python is moderately wounded.
The ball python misses you. The ball python grabs you.
The ball python constricts you.
Natasha mumbles some strange words.
You closely miss the ball python.
The ball python is moderately wounded.
The ball python bites you. The ball python constricts you. Natasha misses you.
The crimson imp hits you but does no damage.
The ball python bites you. The ball python constricts you.
You are too injured to fight recklessly!
You are too injured to fight recklessly!
You closely miss Natasha. Natasha claws you. The ball python barely misses you.
The ball python constricts you. The crimson imp closely misses you.
You puncture Natasha!
Natasha is heavily wounded.
Natasha claws you but does no damage. The ball python barely misses you.
The ball python constricts you.
The crimson imp blinks!
You miss Natasha.
Natasha is heavily wounded.
Natasha claws you!
* * * LOW HITPOINT WARNING * * *
The ball python completely misses you. The ball python constricts you.
You miss Natasha.
Natasha is heavily wounded.
The ball python barely misses you. The ball python constricts you.
You die...

#......!....
#..>.......
#.........#
#.........#
#$........#
#.........#
#......S..#
#.....h@..####
###+###...5..####
#.............###
#####.#.........
#.#.###.#.#
###+#.......#
............#.#
.........#..#.######
.........#.........#


You could see Natasha, a crimson imp (summoned) and a ball python.

Vanquished Creatures
  A dart slug (D:2)
  4 ball pythons
  2 bats
  2 endoplasms
  A giant cockroach (D:1)
  3 kobolds
  A quokka (D:2)
  A frilled lizard (D:1)
  A goblin (D:1)
  A rat (D:1)
17 creatures vanquished.

Notes
Turn   | Place    | Note
-------+----------+-------------------------------------------
     0 | D:1      | nickcage the Merfolk Gladiator began the quest for the Orb.
     0 | D:1      | Reached XP level 1. HP: 16/16 MP: 1/1
   323 | D:1      | Reached XP level 2. HP: 16/22 MP: 2/2
   844 | D:2      | Reached skill level 5 in Polearms
  1187 | D:2      | Noticed Natasha
  1193 | D:2      | Noticed a crimson imp
  1196 | D:2      | HP: 1/22 [Natasha (8)]
  1197 | D:2      | Constricted to death by a ball python

Illustrated notes

Levels and vault maps discovered:
D:1:      dpeg_arrival_erosion, layout_loops_ring, nrook_mini_vaults
D:2:      minmay_evil_eye, layout_basic, shapermc_ecumenical_altar_hornbeckon,
          minmay_quadrilaterals, uniq_natasha, uniq_robin

Skill      XL: |  1  2 |
---------------+-------+-----
Polearms       | 5 |  5.3
Fighting       | |  2.1
Throwing       | |  2.0
Dodging        | |  4.0

Action                   || total
-------------------------++-------
Melee: Trident           ||    52
Throw: Javelin           ||     1
 Stab: Sleeping          ||     5
Armor: Leather armour    ||     8
Dodge: Dodged            ||    29

Table legend: (Time is in decaauts)
 A = Elapsed time spent in this place.
 B = Non-inter-level travel time spent in this place.
 C = Inter-level travel time spent in this place.
 D = Time resting spent in this place.
 E = Time spent auto-exploring this place.
 F = Levels seen in this place.
 G = Mean time per level.
                   A        B        C        D        E       F      G
               +--------+--------+--------+--------+--------+-----+--------+
         Total |   1200 |   1176 |     24 |      0 |   1065 |   2 |  600.0 |
       Dungeon |   1200 |   1176 |     24 |      0 |   1065 |   2 |  600.0 |
               +--------+--------+--------+--------+--------+-----+--------+

Top non-repeatable levels by time:
     D:1: 821 daAuts
     D:2: 378 daAuts
